 Dungeon Crawl Stone Soup version 0.29.0-13-gc9e81de378 (webtiles) character file.

Game seed: 4192481199137845629

7710 Strat the Fighter (level 11, -3/102 HPs)
             Began as a Meteoran Earth Elementalist on Sept 10, 2022.
             Was an Initiate of Gozag.
             Slain by a vampire mosquito (12 damage)
             ... on level 2 of the Lair of Beasts.
             The game lasted 00:26:37 (3734 turns).

Strat the Fighter (Meteoran Earth Elementalist)     Turns: 3734, Time: 00:26:39

Health: -3/102     AC:  3    Str: 10    XL:     11   Next: 69%
Magic:  24/24      EV: 17    Int: 21    God:    Gozag
Gold:   1153       SH:  0    Dex: 15    Spells: 16/26 levels left

rFire   + . .      SeeInvis .   a - +6 war axe "Nuhi" {flame, rF+}
rCold   . . .      Faith    .   (no shield)
rNeg    . . .      Spirit   .   C - +0 robe
rPois   .          Reflect  .   d - +0 helmet
rElec   .          Harm     .   (no cloak)
rCorr   .          Rampage  .   (no gloves)
Will    +....                   (no boots)
Stlth   +.........              n - amulet of the acrobat
HPRegen 0.27/turn               q - ring of wizardry
MPRegen 0.19/turn               (no ring)

@: lethally poisoned (-3 -> -10), about to teleport, glowing
A: sense surroundings 2, otherworldly, glowing, explore regen
a: Renounce Religion, Potion Petition, Call Merchant, Bribe Branch


You were on level 2 of the Lair of Beasts.
You worshipped Gozag.
Gozag was most pleased with you.
You visited 3 branches of the dungeon, and saw 13 of its levels.

You collected 1227 gold pieces.
You paid 74 gold pieces to Gozag.

Inventory:

Hand Weapons
 a - the +6 war axe "Nuhi" (weapon) {flame, rF+}
   (You found it on level 1 of the Lair of Beasts)

   It burns those it strikes, dealing additional fire damage.
   Big, fiery blades are also staple armaments of hydra-hunters.
   rF:        It protects you from fire.
 c - a +0 dagger
 f - a +1 short sword of venom
 l - a +0 quarterstaff
 v - a +2 vorpal trident
 w - a +0 dagger of electrocution
 y - a +2 flail of draining
Missiles
 r - 25 poisoned darts
 A - 2 throwing nets
Armour
 d - a +0 helmet (worn)
 g - a +0 leather armour
 x - the +8 chain mail of Vaydgh {rElec Int+3}
   (You found it on level 9 of the Dungeon)

   Int:       It affects your intelligence (+3).
   rElec:     It insulates you from electricity.
 C - a +0 robe (worn)
Jewellery
 n - an amulet of the acrobat (around neck)
 q - a ring of wizardry (left hand)
Wands
 h - a wand of paralysis (10)
Scrolls
 o - 3 scrolls of immolation
 s - 2 scrolls of teleportation
 B - a scroll of enchant weapon
 D - a scroll of blinking {unknown}
 E - a scroll of identify {unknown}
Potions
 b - a potion of magic
 e - a potion of lignification {unknown}
 i - 2 potions of invisibility {unknown}
 j - 5 potions of flight {unknown}
 m - 5 potions of curing {unknown}
 p - a potion of haste {unknown}
 t - 2 potions of heal wounds {unknown}
 z - a potion of degeneration {unknown}
Miscellaneous
 u - a phial of floods


   Skills:
 + Level 11.2 Fighting
 - Level 10.0 Dodging
 - Level 1.4 Stealth
 - Level 8.0 Spellcasting
 - Level 5.0 Conjurations
 - Level 1.2 Transmutations
 - Level 10.0 Earth Magic


You had 16 spell levels left.
You knew the following spells:

 Your Spells              Type           Power      Damage    Failure   Level
a - Sandblast             Erth           100%       2d20      1%          1
b - Passwall              Tmut/Erth      25%        N/A       1%          2
c - Stone Arrow           Conj/Erth      78%        3d11      1%          3
d - Petrify               Tmut/Erth      31%        N/A       3%          4

Your spell library contained the following spells:

 Spells                   Type           Power      Damage    Failure   Level
 Summon Small Mammal      Summ           32%        N/A       3%          1
 Leda's Liquefaction      Hex/Erth       14%        N/A       4%          4
 Call Canine Familiar     Summ           8%         N/A       10%         3
 Inner Flame              Hex/Fire       8%         N/A       10%         3
 Portal Projectile        Hex/Tloc       16%        N/A       10%         3
 Summon Guardian Golem    Hex/Summ       8%         N/A       10%         3
 Cause Fear               Hex            4%         N/A       30%         4
 Discord                  Hex            4%         N/A       100%        8


Dungeon Overview and Level Annotations

Branches:
Dungeon (9/15) Zot: 2289   Temple (1/1) D:5 Zot: 501    Lair (3/5) D:9 Zot: 1115
  Swamp (0/4) Lair:3
  Snake: Lair:2-3    Spider: Lair:2-3       Orc: D:9-12

Altars:
Cheibriados
Dithmenos
Elyvilon
Fedhas
Gozag
Hepliaklqana
Kikubaaqudgha
Nemelex Xobeh
Okawaru
Qazlal
Ru
Sif Muna
Trog
Vehumet
Wu Jian
Xom
Yredelemnul
Zin

Annotations:
D:8 1 runed translucent door, Voxie's ghost, novice GrDe
D:9 Amaemon; Joseph


Innate Abilities, Weirdness & Mutations

You passively map the area around you.
You are easily found by Zot.
You glow in the dark.
You regain HP and MP as you explore.


Message History

There is a stone staircase leading up, spattered with blood here.
The vampire mosquito bites you!
* * * LOW HITPOINT WARNING * * *
The vampire mosquito draws strength from your injuries!
The vampire mosquito bites you.
* * * LOW HITPOINT WARNING * * *
The vampire mosquito draws strength from your injuries!
The vampire mosquito bites you.
* * * LOW HITPOINT WARNING * * *
The vampire mosquito draws strength from your injuries!
You climb upwards.
The black mamba bites you.
* * * LOW HITPOINT WARNING * * *
The black mamba bites you.
* * * LOW HITPOINT WARNING * * *
You are poisoned.
The black mamba poisons you! The black mamba misses you.
There is a stone staircase leading down, spattered with blood here.
As you read the scroll of fear, it crumbles to dust.
You assume a fearsome visage.
The vampire mosquito is unaffected. x2
The black mamba looks frightened!
The yak looks frightened! x5
The yak bellows!
You feel very sick.
You hear a croak.
The vampire mosquito bites you.
* * * LOW HITPOINT WARNING * * *
The vampire mosquito draws strength from your injuries!
The vampire mosquito bites you.
* * * LOW HITPOINT WARNING * * *
The vampire mosquito draws strength from your injuries!
The vampire mosquito completely misses you.
Cornered, the black mamba turns to fight!
As you read the scroll of teleportation, it crumbles to dust.
You feel strangely unstable.
You feel very sick. The vampire mosquito bites you!
* * * LOW HITPOINT WARNING * * *
The vampire mosquito draws strength from your injuries!
The vampire mosquito bites you!
You die...
Your body crumbles into a pile of gold. , ,, * , , , ,........ , , , * ,, ..Y.... , ,,, , ** ....<##, , * , , ....Y#,** , , , *,, YYY.#

,,, , , ,, , ...
#S### , , * *
*##@#.# * , *
#y.y# , * #..## ,
, , * , *
#..###.###, * * ,,
#######........,
.###P.#....#.##.##
* *...........###
* * ,
............# *
............# #.#
*,


You could see a black mamba, 5 yaks and 2 vampire mosquitoes.

Vanquished Creatures
  An elephant (D:9)
  A black mamba (Lair:2)
  A cane toad (Lair:2)
  2 komodo dragons (Lair:1)
  2 hornets
  Prince Ribbit (D:7)
  5 blink frogs (Lair:1)
  A wraith (D:9)
  A wyvern (Lair:1)
  4 yaks (Lair:1)
  A human (D:7)
  3 steam dragons
  A basilisk (D:8)
  3 water moccasins
  An orc warrior (D:9)
  2 sky beasts (D:7)
  2 ice beasts (D:7)
  6 wolves (Lair:1)
  A centaur (D:7)
  A phantom (D:7)
  4 kobold brigands
  A necrophage (D:6)
  9 bullfrogs
  2 gnoll sergeants
  5 wights (D:9)
  A jelly (D:6)
  5 orc priests
  An iron imp (D:6)
  3 iguanas
  5 orc wizards
  9 gnolls
  4 adders
  A white imp (D:7)
  A worm (D:2)
  2 dart slugs
  19 orcs
  5 ball pythons
  5 bats
  5 endoplasms
  A giant cockroach (D:4)
  8 goblins
  4 hobgoblins
  3 jackals (D:1)
  A quokka (D:1)
  A frilled lizard (D:3)
  21 kobolds
  A rat (D:2)
167 creatures vanquished.

Vanquished Creatures (others)
  8 fungi
  14 plants
22 creatures vanquished.

Grand Total: 189 creatures vanquished

Notes
Turn   | Place    | Note
-------+----------+-------------------------------------------
     0 | D:1      | Strat the Meteoran Earth Elementalist began the quest for
                  | the Orb.
     0 | D:1      | Reached XP level 1. HP: 14/14 MP: 5/5
    14 | D:1      | Got the Directory of Hexes
    53 | D:1      | Reached XP level 2. HP: 11/22 MP: 2/6
    98 | D:1      | Reached skill level 1 in Fighting
   171 | D:1      | Learned a level 2 spell: Passwall
   197 | D:1      | Reached XP level 3. HP: 23/28 MP: 6/8
   268 | D:2      | Reached XP level 4. HP: 34/36 MP: 3/9
   289 | D:2      | Learned a level 3 spell: Stone Arrow
   319 | D:2      | Reached skill level 5 in Earth Magic
   437 | D:3      | Found a white marble altar of Elyvilon.
   450 | D:3      | Reached skill level 2 in Fighting
   625 | D:4      | Noticed an ice beast
   924 | D:4      | Reached skill level 1 in Conjurations
   924 | D:4      | Reached XP level 5. HP: 39/41 MP: 6/10
   998 | D:5      | Entered Level 5 of the Dungeon
  1013 | D:5      | Found a staircase to the Ecumenical Temple.
  1025 | Temple   | Entered the Ecumenical Temple
  1094 | Temple   | Became a worshipper of Gozag Ym Sagoz the Greedy
  1137 | D:6      | Noticed a necrophage
  1137 | D:6      | Noticed an ogre
  1158 | D:6      | Killed a necrophage
  1159 | D:6      | Reached XP level 6. HP: 41/48 MP: 6/11
  1294 | D:6      | Reached XP level 7. HP: 51/56 MP: 9/12
  1310 | D:6      | Found a snail-covered altar of Cheibriados.
  1441 | D:7      | Reached skill level 3 in Fighting
  1447 | D:7      | Noticed Prince Ribbit
  1460 | D:7      | Noticed a steam dragon
  1467 | D:7      | Killed a steam dragon
  1468 | D:7      | Reached XP level 8. HP: 26/66 MP: 2/15
  1516 | D:7      | Found a basalt altar of Yredelemnul.
  1529 | D:7      | Reached skill level 4 in Fighting
  1573 | D:7      | Reached skill level 5 in Spellcasting
  1577 | D:7      | Reached skill level 5 in Dodging
  1590 | D:7      | Found a blossoming altar of Fedhas.
  1632 | D:7      | Killed Prince Ribbit
  1633 | D:7      | Reached skill level 5 in Fighting
  1633 | D:7      | Gained mutation: You passively map the area around you.
                  | [Meteoran growth]
  1633 | D:7      | Reached XP level 9. HP: 70/74 MP: 13/17
  1638 | D:7      | Learned a level 4 spell: Petrify
  1752 | D:7      | Found a shadowy altar of Dithmenos.
  1799 | D:7      | Found a radiant altar of Vehumet.
  1833 | D:7      | You fall into a shaft and drop 1 floor!
  1847 | D:8      | Reached skill level 6 in Fighting
  2193 | D:8      | Found a flagged portal.
  2235 | D:9      | Noticed Joseph
  2263 | D:8      | Reached XP level 10. HP: 32/84 MP: 15/20
  2272 | D:8      | Found a runed translucent door.
  2272 | D:8      | Found a shimmering altar of Xom.
  2272 | D:8      | Noticed a +1 dagger of chaos
  2272 | D:8      | Noticed Voxie's ghost (novice GrDe)
  2344 | D:9      | Identified the +8 chain mail of Vaydgh {rElec Int+3}
  2358 | D:9      | Reached skill level 7 in Fighting
  2479 | D:9      | Noticed an elephant
  2496 | D:9      | Killed an elephant
  2497 | D:9      | Reached skill level 10 in Earth Magic
  2538 | D:9      | Noticed a death yak
  2646 | D:9      | Noticed Amaemon
  2647 | D:9      | Reached skill level 8 in Fighting
  2655 | D:9      | Noticed an orange demon
  3000 | D:9      | Found a glowing silver altar of Zin.
  3055 | D:9      | Found an ornate altar of the Wu Jian Council.
  3078 | D:9      | Found a staircase to the Lair.
  3090 | Lair:1   | Entered Level 1 of the Lair of Beasts
  3093 | Lair:1   | Noticed a komodo dragon
  3097 | Lair:1   | Killed a komodo dragon
  3144 | Lair:1   | Reached skill level 9 in Fighting
  3151 | Lair:1   | Reached XP level 11. HP: 84/97 MP: 4/21
  3210 | Lair:1   | Reached skill level 10 in Dodging
  3224 | Lair:1   | Reached skill level 10 in Fighting
  3409 | Lair:1   | Reached skill level 5 in Conjurations
  3500 | Lair:1   | Identified the +6 war axe "Nuhi" {flame, rF+}
  3565 | Lair:1   | Glimpsed the power of Zot.
  3572 | Lair:2   | Noticed a black mamba
  3626 | Lair:2   | Noticed a black mamba
  3642 | Lair:2   | Killed a black mamba
  3693 | Lair:2   | Found an ancient bone altar of Kikubaaqudgha.
  3705 | Lair:2   | Reached skill level 11 in Fighting
  3712 | Lair:2   | Noticed a black mamba
  3720 | Lair:3   | Paralysed by a hornet for 1 turns
  3726 | Lair:3   | Found a staircase to the Swamp.
  3734 | Lair:2   | Slain by a vampire mosquito

Illustrated notes

Levels and vault maps discovered:
D:1:      eino_arrival_cavern_b, layout_basic,
          hellmonk_ecumenical_altar_slurped_away
D:2:      layout_rooms, serial_corexii_hall, chequers_hall_statues_wall_a,
          corexii_hall_statues_i
D:3:      layout_basic, nicolae_overflow_crystal_walls
D:4:      layout_cave_pods
D:5:      layout_gridville, lemuel_coloured_pillars_altar,
          minmay_temple_entry_tees
D:6:      layout_rooms, slow_altar_1, roderic_lattice_a
D:7:      layout_rooms, fedhas_bush_and_centaur_altar,
          mainiacjoe_overflow_paths, kennysheep_little_box,
          mainiacjoe_overflow_boulevard, minmay_ruffians, uniq_prince_ribbit1
D:8:      layout_rooms, enter_bailey_3, ebering_ghost_xom,
          dreamdust_princess_corridor
D:9:      layout_long_grid, mainiacjoe_overflow_alcove_4,
          nzn_wu_jian_council_hall, david_lair_generic,
          minmay_sticks_and_stones, uniq_amaemon
Temple:   jpeg_temple_alley_garden
Lair:1:   layout_regular_city, infiniplex_staircase_pool, lemuel_fruit_tree
Lair:2:   layout_small_grid, minmay_snake_entry_six_corridors, basic_altar
Lair:3:   layout_gridlike, minmay_swamp_entry_swarm,
          chequers_serial_rivers_micro_b

Skill      XL: |  1  2  3  4  5  6  7  8  9 10 11 |
---------------+----------------------------------+-----
Earth Magic    | 4 5 6 7 8 9 10 | 10.0
Fighting       | 1 2 3 5 6 9 11 | 11.2
Conjurations   | 1 3 5 |  5.0
Spellcasting   | 3 4 5 6 8 |  8.0
Dodging        | 3 4 5 7 9 10 | 10.0
Stealth        | |  1.4
Transmutations | |  1.2

Action                   |  1- 3 |  4- 6 |  7- 9 | 10-12 || total
-------------------------+-------+-------+-------+-------++-------
Melee: Dagger            |     3 |       |       |       ||     3
       War axe           |       |       |       |     1 ||     1
 Cast: Sandblast         |    35 |    51 |   108 |    96 ||   290
       Stone Arrow       |       |       |     7 |    38 ||    45
Evoke: Wand              |       |       |     1 |     1 ||     2
  Use: Scroll            |       |     8 |     3 |     6 ||    17
Armor: Robe              |    11 |     6 |     8 |    15 ||    40
Dodge: Dodged            |    30 |    25 |    47 |   133 ||   235
